 Dungeon Crawl Stone Soup version 0.26-a0-854-gdc81c2f471 (webtiles) character file.

Game seed: 6643836866671777832

485 davenfal the Skirmisher (level 7, -15/63 HPs)
             Began as a Hill Orc Fighter on Nov 23, 2020.
             Demolished by Menkaure (19 damage)
             ... on level 4 of the Dungeon.
             The game lasted 00:10:27 (4547 turns).

davenfal the Skirmisher (Hill Orc Fighter)          Turns: 4547, Time: 00:10:27

Health: -15/63     AC:  7    Str: 21    XL:     7   Next: 13%
Magic:  7/7        EV:  7    Int:  8    God:
Gold:   169        SH:  9    Dex: 10    Spells: 6/6 levels left

rFire    . . .     SeeInvis .   a - +0 war axe
rCold    . . .     Faith    .   c - +0 kite shield
rNeg     . . .     Spirit   .   b - +0 scale mail
rPois    .         Reflect  .   (no helmet)
rElec    .         Harm     .   (no cloak)
rCorr    .         Rampage  .   (no gloves)
MR       .....                  (no boots)
Stlth    ..........             i - amulet of the acrobat
HPRegen  0.20/turn              (no ring)
MPRegen  0.10/turn              (no ring)

@: no status effects
A: no striking features
a: no special abilities


You were on level 4 of the Dungeon.
You visited 1 branch of the dungeon, and saw 4 of its levels.
You also visited: Sewer.

You collected 169 gold pieces.

Inventory:

Hand Weapons
 a - a +0 war axe (weapon)
Armour
 b - a +0 scale mail (worn)
 c - a +0 kite shield (worn)
Jewellery
 i - an amulet of the acrobat (around neck)
Wands
 j - a wand of paralysis (11)
Scrolls
 e - 2 scrolls of identify
 h - a scroll of random uselessness {unknown}
 k - a scroll of remove curse {unknown}
 l - 5 scrolls of magic mapping {unknown}
 m - a scroll of immolation {unknown}
 o - 3 scrolls of fear {unknown}
 p - 4 scrolls of teleportation {unknown}
 r - a scroll of fog {unknown}
Potions
 d - 3 potions of might
 f - 3 potions of magic
 g - 3 potions of curing
 n - a potion of berserk rage
 q - 3 potions of heal wounds


   Skills:
 * Level 6.1 Fighting
 * Level 6.1 Axes
 * Level 5.6 Armour
 - Level 3.2 Shields


You had 6 spell levels left.
You didn't know any spells.
Your spell library was empty.

Dungeon Overview and Level Annotations

Branches:
Dungeon (4/15)              Sewer (visited)
 Temple: D:4-7

Altars:
Dithmenos
Trog

Annotations:
D:4 Menkaure


Message History

The ogre convulses!
Your body is wracked with pain!
* * * LOW HITPOINT WARNING * * *
Menkaure calls on the powers of darkness!
The ogre convulses!
Your body is wracked with pain!
* * * LOW HITPOINT WARNING * * *
There is a stone staircase leading up here.
You feel better.
You hit the ogre.
The ogre is almost dead.
You block the ogre's attack.
You slash the ogre!
You kill the ogre!
Menkaure calls on the powers of darkness!
Your body is wracked with pain!
* * * LOW HITPOINT WARNING * * *
You hit Menkaure but do no damage. Menkaure hits you!
* * * LOW HITPOINT WARNING * * *
Menkaure hums a few words.
Menkaure hits you!!
You die...

#!......(.....#
#.............####
###.#...#.......#...
##.#.#..##...........
#.#.....#####....(...
##.#<##.# #.####(##
#.#.##M# #.# #.##
#.#.##.# #.# #.##
#.#@##.# #.# #...
#.#M##.#####.#####..
#.#............# #..
#......#####.#.###.#
#..##### #.....O..
#.. #.#...... #..
#....M... #..
#######.# #.. .#


You could see Menkaure (fast).

Vanquished Creatures
  An ogre (D:4)
  2 bullfrogs (Sewer)
  A centaur skeleton (D:4)
  A bullfrog skeleton (D:4)
  14 adders
  3 river rats (Sewer)
  An ooze (Sewer)
  6 worms
  A dart slug (D:1)
  6 leopard geckos
  4 orcs (D:3)
  3 bats (D:2)
  4 giant cockroaches
  10 goblins
  5 hobgoblins
  3 jackals (D:1)
  7 kobolds
  13 ball pythons
  10 frilled lizards
  A quokka skeleton (D:4)
  33 rats
129 creatures vanquished.

Notes
Turn   | Place    | Note
-------+----------+-------------------------------------------
     0 | D:1      | davenfal the Hill Orc Fighter began the quest for the Orb.
     0 | D:1      | Reached XP level 1. HP: 19/19 MP: 1/1
   120 | D:1      | Reached XP level 2. HP: 22/27 MP: 2/2
   665 | D:2      | Reached XP level 3. HP: 33/33 MP: 3/3
  1050 | D:2      | Reached XP level 4. HP: 31/41 MP: 4/4
  2229 | D:3      | Found a shadowy altar of Dithmenos.
  2350 | D:3      | Found a bloodstained altar of Trog.
  2748 | D:3      | Reached XP level 5. HP: 36/47 MP: 5/5
  3510 | D:4      | Reached skill level 5 in Fighting
  3532 | D:4      | Found a glowing drain.
  3560 | Sewer    | Entered a sewer
  3904 | Sewer    | Reached skill level 5 in Axes
  3978 | Sewer    | Reached XP level 6. HP: 56/56 MP: 6/6
  4053 | Sewer    | Reached skill level 5 in Armour
  4450 | D:4      | Reached XP level 7. HP: 60/63 MP: 7/7
  4509 | D:4      | Noticed Menkaure
  4547 | D:4      | Demolished by Menkaure

Illustrated notes

Levels and vault maps discovered:
D:1:      mrwooster_arrival_statue_2, layout_rooms, hangedman_decor_points
D:2:      minmay_spotlight, layout_basic
D:3:      layout_loops_corners, overflow_temple_1_default,
          grunt_dithmenos_smoke_and_mirrors
D:4:      layout_loops_ring, gammafunk_ghost_abyssal_escape,
          portal_sewer_entry_f, fedhas_altar_1, uniq_menkaure, uniq_natasha

Skill      XL: |  1  2  3  4  5  6  7 |
---------------+----------------------+-----
Axes           | 3 4 5 6 |  6.1
Fighting       | 4 5 6 |  6.1
Armour         | 4 5 |  5.6
Shields        | |  3.2

Action                   |  1- 3 |  4- 6 |  7- 9 || total
-------------------------+-------+-------+-------++-------
Melee: War axe           |   120 |   254 |    10 ||   384
  Use: Scroll            |       |     5 |       ||     5
       Potion            |       |       |     1 ||     1
Armor: Scale mail        |    54 |    99 |     1 ||   154
Dodge: Dodged            |    39 |    75 |       ||   114
Block: Kite shield       |    63 |   146 |     7 ||   216

Table legend: (Time is in decaauts)
 A = Elapsed time spent in this place.
 B = Non-inter-level travel time spent in this place.
 C = Inter-level travel time spent in this place.
 D = Time resting spent in this place.
 E = Time spent auto-exploring this place.
 F = Levels seen in this place.
 G = Mean time per level.
                   A        B        C        D        E       F      G
               +--------+--------+--------+--------+--------+-----+--------+
         Total |   4745 |   4745 |      0 |   1519 |   1779 |   5 |  949.0 |
       Dungeon |   3818 |   3818 |      0 |    999 |   1677 |   4 |  954.5 |
         Sewer |    927 |    927 |      0 |    520 |    102 |   1 |  927.0 |
               +--------+--------+--------+--------+--------+-----+--------+

Top non-repeatable levels by time:
     D:2: 1588 daAuts
     D:3: 1273 daAuts
   Sewer: 927 daAuts
     D:1: 652 daAuts
     D:4: 304 daAuts
